 Dungeon Sprint DCSS version 0.28-a0-828-g0121872642 (webtiles) character file.

Game seed: 8642833237639727019

2461 xpp the Severer (level 9, -5/91 HPs)
             Began as a Hill Orc Fighter on Nov 11, 2021.
             Was a High Priest of Beogh.
             Slain by an ushabti (11 damage)
             ... in the Dungeon (Sprint V: "Ziggurat Sprint").
             The game lasted 00:12:10 (520 turns).

xpp the Severer (Hill Orc Fighter)                   Turns: 520, Time: 00:12:12

Health: -5/91      AC: 22    Str: 28    XL:     9   Next: 50%
Magic:  9/9        EV:  6    Int:  8    God:    Beogh [*****.]
Gold:   0          SH: 10    Dex: 16    Spells: 8/8 levels left

rFire   + . .      SeeInvis +   D - +14 obsidian axe {vorpal, Mesm Drain Fly SInv}
rCold   + . .      Faith    .   E - +3 buckler
rNeg    . . .      Spirit   .   a - +5 gold dragon scales
rPois   +          Reflect  .   (no helmet)
rElec   .          Harm     .   (no cloak)
rCorr   .          Rampage  .   (no gloves)
Will    .....      NoTele   +   (no boots)
Stlth   ..........              (no amulet)
HPRegen 0.25/turn               u - +6 ring of dexterity
MPRegen 0.11/turn               y - +6 ring of strength

@: flayed, flying, mesmerised, slowed, very slow
A: walk on water
a: Renounce Religion, Smiting, Recall Orcish Followers, Give Item to Named
Follower


You were in the Dungeon.
You worshipped Beogh.
Beogh was extremely pleased with you.
You visited 1 branch

Inventory:

Hand Weapons
 D - the +14 obsidian axe (weapon) {vorpal, Mesm Drain Fly SInv}
   (You found it in the Dungeon)

   It inflicts extra damage upon your enemies.
   It occasionally summons demons to assist the wielder when it strikes in
   combat.
   Its wielder is mesmerised by any visible foes.
   It cannot be unequipped while any foes are visible.
   SInv:      It lets you see invisible.
   Fly:       It grants you flight.
   Drain:     It drains your maximum health when unequipped.
Armour
 a - +5 gold dragon scales (worn)
 E - a +3 buckler (worn)
 F - a +3 kite shield
 G - a +3 tower shield
Jewellery
 b - an amulet of guardian spirit
 c - a ring of protection from cold
 n - a ring of positive energy
 u - a +6 ring of dexterity (left hand)
 y - a +6 ring of strength (right hand)
Wands
 A - a wand of mindburst (4)
 B - a wand of iceblast (5)
 C - a wand of acid (6)
Scrolls
 j - 4 scrolls of blinking
 o - 4 scrolls of amnesia
 p - 7 scrolls of fog
 q - a scroll of holy word
 r - 5 scrolls of identify
 s - 2 scrolls of fear
Potions
 d - 5 potions of might
 e - 8 potions of curing
 f - 6 potions of heal wounds
 g - 10 potions of haste
 h - 7 potions of magic
 i - 3 potions of berserk rage
 k - 2 potions of brilliance
 l - 2 potions of invisibility
 m - 4 potions of resistance


   Skills:
 + Level 12.3 Fighting
 * Level 16.7 Axes
 + Level 10.9 Armour
 + Level 2.1 Dodging
 + Level 11.4 Shields


You had 8 spell levels left.
You didn't know any spells.
Your spell library contained the following spells:

 Spells                   Type           Power      Damage    Failure   Level
 Ensorcelled Hibernation  Hex/Ice        0%         N/A       100%        2
 Poisonous Vapours        Pois/Air       0%         N/A       100%        2
 Dazzling Flash           Conj/Hex       0%         N/A       100%        3
 Tukima's Dance           Hex            0%         N/A       100%        3
 Olgreb's Toxic Radiance  Pois           0%         N/A       100%        4
 Agony                    Necr           0%         N/A       100%        5
 Alistair's Intoxication  Tmut/Pois      0%         N/A       100%        5
 Silence                  Hex/Air        0%         N/A       100%        5


Dungeon Overview and Level Annotations

Branches:
Dungeon (1/1)

Altars:
Ashenzari
Cheibriados
Dithmenos
Elyvilon
Fedhas
Gozag
Hepliaklqana
Kikubaaqudgha
Makhleb
Nemelex Xobeh
Okawaru
Qazlal
Ru
Sif Muna
Trog
Uskayaw
Vehumet
Wu Jian
Xom
Yredelemnul
Zin
The Shining One
Beogh
Jiyva
Lugonu

Annotations:
D 1 transporter


Message History

You slice the mummy!!
You destroy the mummy!
The mummy disappears in a puff of smoke!
You hit the ushabti.
You hit the flying skull but do no damage.
You slash the mummy!
Visions of slaying the mummy flood into your mind.
You are engulfed in dark miasma.
You feel as though you will be slow longer.
* * * LOW HITPOINT WARNING * * *
You block the flying skull's attack.
The ushabti hits you but does no damage.
The flying skull hits you!
* * * LOW HITPOINT WARNING * * *
The mummy priest calls on the powers of darkness!
Your body is wracked with pain!
* * * LOW HITPOINT WARNING * * *
You feel much better.
You are engulfed in dark miasma.
You are poisoned.
* * * LOW HITPOINT WARNING * * *
x2 You feel extremely sick.
The flying skull hits you.
* * * LOW HITPOINT WARNING * * *
The flayed ghost stares at you with tortured malice.
Terrible wounds spread across more of your body!
* * * LOW HITPOINT WARNING * * *
The mummy hits you but does no damage. The ushabti hits you.
* * * LOW HITPOINT WARNING * * *
The flying skull hits you but does no damage.
The ushabti shakes and rattles deafeningly!
The mummy priest hits you.
* * * LOW HITPOINT WARNING * * *
The flayed ghost cries, "Feel what I felt!"
You feel better.
You are engulfed in dark miasma.
You feel as though you will be slow longer.
* * * LOW HITPOINT WARNING * * *
The flying skull hits you but does no damage.
The ushabti shakes and rattles deafeningly!
The flying skull barely misses you. The ushabti hits you!
You die...

▓.▓...▓.▓
▓...©...▓
▓▓▓▓▓▓▓▓▓
▓..8©8..▓
▓..)")..▓
▓..")|..▓
▓.......▓
▓..9MWM.▓
▓..9@z..▓
▓...○...▓
▓.▓...▓.▓
▓...©...▓
▓▓▓▓▓▓▓▓▓


You could see a mummy priest, a flayed ghost (summoned), 2 ushabtiu, a flying
skull (summoned) and a mummy (mesmerising).

Vanquished Creatures
  A thrashing horror (D)
  3 merfolk (D)
  A small abomination (D)
  2 floating eyes (D)
  2 necrophages (D)
  2 quasits (D)
  A jelly (D)
  An iron imp (D)
  An iguana (D)
  A mummy (D)
  An adder (D)
  A shadow imp (D)
  A jackal (D)
  A ball python (D)
  A ball python zombie (D)
20 creatures vanquished.

Vanquished Creatures (collateral kills)
  2 merfolk (D)
  A golden eye (D)
  A bat zombie (D)
  A jackal (D)
5 creatures vanquished.

Vanquished Creatures (others)
  A jackal simulacrum (D)
1 creature vanquished.

Grand Total: 26 creatures vanquished

Notes
Turn   | Place    | Note
-------+----------+-------------------------------------------
     0 | D        | xpp the Hill Orc Fighter began the quest for the Orb.
     0 | D        | Reached XP level 1. HP: 19/19 MP: 1/1
     0 | D        | Found a shimmering blue altar of Sif Muna.
     0 | D        | Found a sacrificial altar of Ru.
     0 | D        | Found a bloodstained altar of Trog.
     0 | D        | Found a stormy altar of Qazlal.
     0 | D        | Found an iron altar of Okawaru.
     0 | D        | Found a sparkling altar of Nemelex Xobeh.
     0 | D        | Found a blossoming altar of Fedhas.
     0 | D        | Found the +6 Majin-Bo {vamp, MP+6 Int+6}
     0 | D        | Found the +9 heavy crossbow "Sniper" {vorpal, Acc+∞ SInv}
     0 | D        | Found the +10 dark maul {vorpal}
     0 | D        | Found the +15 Maxwell's patent armour {-Cast -Tele rElec
                  | Will+ rCorr}
     0 | D        | Found the +18 shield of the Gong {rElec rN+ Will+ EV-5}
     0 | D        | Found the +14 obsidian axe {vorpal, Mesm Drain Fly SInv}
     0 | D        | Found the +7 great mace "Firestarter" {inner flame, rF++}
     0 | D        | Found the +6 shillelagh "Devastator" {shatter}
     0 | D        | Found the +11 plutonium sword {Contam Stlth-}
     0 | D        | Found the +8 lance "Wyrmbane" {slay drac, rPois rF+ rC+
                  | AC+3}
     0 | D        | Found the +9 sword of Zonguldrok {reap}
     0 | D        | Found the +13 scythe of Curses {drain, Drain}
     0 | D        | Found the +5 sword of Power {vorpal}
     0 | D        | Found the +7 mace of Variability {chain chaos}
     0 | D        | Found the +7 Singing Sword {vorpal, sonic wave}
     0 | D        | Found the +8 storm bow {elec, penet}
     2 | D        | Found a transporter.
     2 | D        | Found an ancient bone altar of Kikubaaqudgha.
     2 | D        | Found a viscous altar of Jiyva.
     2 | D        | Found a corrupted altar of Lugonu.
     2 | D        | Found a hazy altar of Hepliaklqana.
     2 | D        | Found a burning altar of Makhleb.
     2 | D        | Found an opulent altar of Gozag.
    44 | D        | Became a worshipper of Beogh the Brigand
    93 | D        | Reached skill level 7 in Axes
    93 | D        | Reached XP level 2. HP: 26/26 MP: 2/2
   103 | D        | Entered arena 2.
   103 | D        | Found a transporter.
   109 | D        | Got the Disquisition on Poison
   134 | D        | Entered arena 3.
   134 | D        | Found a transporter.
   137 | D        | Reached * piety under Beogh
   140 | D        | Reached XP level 3. HP: 34/34 MP: 3/3
   147 | D        | Entered arena 4.
   147 | D        | Noticed a floating eye
   147 | D        | Noticed a floating eye
   147 | D        | Noticed a golden eye
   147 | D        | Found a transporter.
   149 | D        | Paralysed by a floating eye for 2 turns
   151 | D        | Killed a floating eye
   151 | D        | Reached ** piety under Beogh
   152 | D        | Reached skill level 9 in Axes
   152 | D        | Reached skill level 5 in Armour
   152 | D        | Reached XP level 4. HP: 45/45 MP: 4/4
   152 | D        | Reached XP level 5. HP: 51/51 MP: 5/5
   152 | D        | Killed a floating eye
   153 | D        | Reached skill level 10 in Axes
   153 | D        | Reached XP level 6. HP: 58/60 MP: 6/6
   154 | D        | Killed a golden eye
   155 | D        | Reached skill level 11 in Axes
   169 | D        | Entered arena 5.
   169 | D        | Noticed a necrophage
   169 | D        | Noticed a necrophage
   169 | D        | Found a transporter.
   171 | D        | Reached *** piety under Beogh
   174 | D        | Killed a necrophage
   175 | D        | Reached XP level 7. HP: 68/70 MP: 7/7
   195 | D        | Entered arena 6.
   195 | D        | Noticed a merfolk
   195 | D        | Noticed a merfolk
   195 | D        | Noticed a merfolk
   195 | D        | Noticed a merfolk
   195 | D        | Noticed a merfolk
   195 | D        | Found a transporter.
   206 | D        | Killed a merfolk
   206 | D        | Reached **** piety under Beogh
   207 | D        | Reached skill level 10 in Fighting
   207 | D        | Reached skill level 12 in Axes
   207 | D        | Reached skill level 1 in Dodging
   207 | D        | Reached skill level 10 in Shields
   208 | D        | Killed a merfolk
   209 | D        | Reached skill level 13 in Axes
   209 | D        | Reached XP level 8. HP: 43/80 MP: 8/8
   210 | D        | Killed a merfolk
   211 | D        | Reached skill level 14 in Axes
   214 | D        | Killed a merfolk
   216 | D        | Killed a merfolk
   216 | D        | Reached ***** piety under Beogh
   217 | D        | Reached skill level 15 in Axes
   217 | D        | Reached skill level 10 in Armour
   217 | D        | Reached XP level 9. HP: 31/89 MP: 9/9
   460 | D        | Entered arena 7.
   460 | D        | Noticed a thrashing horror
   465 | D        | Killed a thrashing horror
   466 | D        | Reached skill level 16 in Axes
   471 | D        | Found a transporter.
   509 | D        | Entered arena 8.
   509 | D        | Noticed a mummy priest
   511 | D        | Found a transporter.
   514 | D        | Noticed a flayed ghost
   520 | D        | Slain by an ushabti

Illustrated notes

Levels and vault maps discovered:
D:        sprint_v [room_start, room_1, room_2, room_3, room_4, room_5, room_6,
          room_7, room_8, room_9, room_10, room_11, room_12, room_13, room_14,
          room_15, room_16, room_17, room_18, room_19, room_20, room_21,
          room_22, room_23, room_24, room_25, room_26, room_27]

Skill      XL: |  1  2  3  4  5  6  7  8  9 |
---------------+----------------------------+-----
Axes           | 7 9 10 11 13 15 16 | 16.7
Shields        | 6 7 8 9 10 11 | 11.4
Fighting       | 4 6 7 9 10 11 12 | 12.3
Armour         | 4 5 6 7 9 10 | 10.9
Dodging        | 1 2 |  2.1

Action                   |  1- 3 |  4- 6 |  7- 9 || total
-------------------------+-------+-------+-------++-------
Melee: Broad axe         |     6 |     4 |    21 ||    31
Evoke: Wand              |     1 |     1 |     4 ||     6
  Use: Potion            |     1 |       |     7 ||     8
Armor: Scale mail        |     3 |     2 |       ||     5
       Gold dragon scale |       |       |    25 ||    25
Dodge: Dodged            |     3 |     3 |    11 ||    17
Block: Buckler           |     2 |     2 |    18 ||    22

Table legend: (Time is in decaauts)
 A = Elapsed time spent in this place.
 B = Non-inter-level travel time spent in this place.
 C = Inter-level travel time spent in this place.
 D = Time resting spent in this place.
 E = Time spent auto-exploring this place.
 F = Levels seen in this place.
 G = Mean time per level.
                   A        B        C        D        E       F      G
               +--------+--------+--------+--------+--------+-----+--------+
         Total |    516 |    516 |      0 |    282 |      0 |   1 |  516.0 |
       Dungeon |    516 |    516 |      0 |    282 |      0 |   1 |  516.0 |
               +--------+--------+--------+--------+--------+-----+--------+

Top non-repeatable levels by time:
       D: 516 daAuts
